 Dungeon Crawl Stone Soup version 0.24.1-14-gf8d2b509d9 (webtiles) character file.

Game seed: 5192151768317328693, levelgen mode: deterministic

8490 tkbsonic5 the Fighter (level 11, -3/180 HPs)
             Began as an Ogre Hunter on Oct 6, 2023.
             Was a Priest of Qazlal.
             Slain by a troll (15 damage)
             ... on level 10 of the Dungeon.
             The game lasted 00:36:50 (14074 turns).

tkbsonic5 the Fighter (Ogre Hunter)                Turns: 14074, Time: 00:36:51

Health: -3/180     AC:  5    Str: 25    XL:     11   Next: 31%
Magic:  15/15      EV: 11    Int: 12    God:    Qazlal [***...]
Gold:   540        SH:  4    Dex:  8    Spells: 1/11 levels left

rFire    + . .     SeeInvis .   E - +0 morningstar
rCold    + . .     Gourm    .   (no shield)
rNeg     . . .     Faith    .   u - +0 troll leather armour
rPois    +         Spirit   .   (helmet restricted)
rElec    +         Reflect  .   (no cloak)
rCorr    +         Harm     .   (gloves unavailable)
MR       ++...                  (boots unavailable)
Stlth    ..........             z - amulet of the acrobat
HPRegen  0.80/turn              n - ring of protection from magic
MPRegen  0.14/turn              (no ring)

@: berserking, resistant, very quick
A: large, unfitting armour, clumsy 1, mutation resistance 1, tough skin 1
a: Upheaval, Elemental Force, Renounce Religion


You were on level 10 of the Dungeon.
You worshipped Qazlal.
Qazlal was most pleased with you.
You were not hungry.

You visited 1 branch of the dungeon, and saw 10 of its levels.
You also visited: Ossuary.

You collected 540 gold pieces.

Inventory:

Hand Weapons
 i - a +0 mace
 j - a +0 hunting sling
 E - a +0 morningstar (weapon)
 H - a +0 mace
 I - a +0 giant spiked club
 J - a +0 flail
Missiles
 h - 70 sling bullets
 x - 67 poisoned darts (quivered)
Armour
 b - a +0 robe
 q - a +0 large shield
 r - +0 steam dragon scales
 u - a +0 troll leather armour (worn)
Jewellery
 n - a ring of protection from magic (left hand)
 z - an amulet of the acrobat (around neck)
Wands
 y - a wand of polymorph (15)
 L - a wand of digging (8)
Scrolls
 c - 3 scrolls of amnesia
 p - 5 scrolls of remove curse
 s - a scroll of random uselessness {unknown}
 t - a scroll of summoning
 w - 5 scrolls of identify
 B - 3 scrolls of teleportation
 C - a scroll of brand weapon {unknown}
Potions
 l - a potion of magic
 m - a potion of flight
 K - 2 potions of brilliance
Comestibles
 f - 19 rations


   Skills:
 * Level 11.1 Fighting
 * Level 7.6 Maces & Flails
 + Level 7.1 Throwing
 * Level 5.4 Dodging
 - Level 0.6 Stealth
 - Level 2.9 Shields
 + Level 0.9 Spellcasting
 + Level 0.6 Conjurations
 + Level 0.6 Poison Magic
 + Level 5.9 Invocations
 * Level 5.4 Evocations


You had one spell level left.
You knew the following spells:

 Your Spells              Type           Power        Failure   Level  Hunger
a - Sting                 Conj/Pois      #...         26%         1    ##.....
b - Poisonous Vapours     Pois/Air       #.....       43%         2    ###....
c - Mephitic Cloud        Conj/Pois/Air  #.......     65%         3    ####...
d - Olgreb's Toxic Radia  Pois           #.......     95%         4    #####..

Your spell library contained the following spells:

 Spells                   Type           Power        Failure   Level  Hunger
 Venom Bolt               Conj/Pois      #.........   100%        5    ######.


Dungeon Overview and Level Annotations

Branches:
Dungeon (10/15)            Temple (0/1) D:5            Lair (0/6) D:8
Ossuary (visited)
    Orc: D:9-12

Altars:
Ashenzari
Cheibriados
Elyvilon
Kikubaaqudgha
Qazlal
Ru
Uskayaw
Xom

Shops:
D:4 [

Annotations:
D:7 1 runed translucent door, valliere's ghost, novice CeHu


Innate Abilities, Weirdness & Mutations

You are too large for most types of armour.
You have tough skin. (AC +1)
You are clumsy. (Dex -2)
You are somewhat resistant to further mutation.


Message History

You puncture the hound!
You kill the hound!
Qazlal accepts your kill.
You feel sick.
You are no longer poisoned.
Your hound barely misses the gnoll.
The troll closely misses you. The troll claws you.
* * * LOW HITPOINT WARNING * * *
The troll claws you!
* * * LOW HITPOINT WARNING * * *
Your phantom hits the troll.
Your phantom blinks!
The gnoll hits your hound with a +0 club.
The hungry ghost hits you.
You feel a lot more hungry.
Your hound bites the gnoll.
A red film seems to cover your vision as you go berserk!
You feel yourself moving faster!
You feel mighty!
Your phantom blinks!
The troll bites you!
You die...

......... .. ## ........ # .
#.. #.....###.. . ##.#..
#.......... ..#..#.#
#........# . ... ......
#........# .##..
####.#.####o.?..W..#. .....
........†@........... ...
.#..#..#WT..##.##... ... <
.## #.##..Y)..># ...
##.##.##....#..........#....
.#..#.#..#..#W†#....hg......
.#)........###†#†....gg.....
....##.....##..#....#...(...
.....#....####†.....#...(...
..........#.#.....8.8.......


You could see a troll, a hungry ghost, 3 gnolls, an orc, a friendly phantom, a
friendly sky beast and a friendly hound.

Vanquished Creatures
  A hydra (D:8)
  Harold (D:8)
  A two-headed ogre (D:9)
  Psyche (D:8)
  Grinder (D:5)
  A troll (D:9)
  A hippogriff (D:7)
  2 dream sheep (D:8)
  A shadow (D:8)
  2 yaks (D:8)
  2 steam dragons
  Grum (D:8)
  A water moccasin (D:9)
  2 ice beasts
  A phantom (D:7)
  A black bear (D:10)
  2 orc warriors
  3 centaurs
  3 ogres
  3 wolves (D:8)
  8 big kobolds
  2 bullfrogs
  A wyvern skeleton (D:6)
  5 water moccasin zombies (Ossuary)
  5 scorpions
  6 killer bees
  4 wights (D:7)
  3 crimson imps
  2 hounds
  4 jellies
  2 bullfrog skeletons
  8 orc wizards
  Crazy Yiuf (D:5)
  Ijyb (D:4)
  8 worker ants
  2 big kobold zombies (Ossuary)
  A hound skeleton (D:10)
  2 mummies (Ossuary)
  2 worker ant zombies
  3 adders
  A gnoll (D:9)
  2 shadow imps
  2 oozes
  10 adder zombies
  A worm (D:6)
  13 dart slugs
  A leopard gecko (D:1)
  16 orcs
  4 giant cockroaches
  10 goblins
  12 hobgoblins
  12 jackals
  2 quokkas
  4 bats
  6 frilled lizards
  3 gnoll zombies (Ossuary)
  2 hobgoblin zombies (Ossuary)
  23 kobolds
  6 kobold zombies (Ossuary)
  3 orc zombies (Ossuary)
  A quokka zombie (D:6)
  6 rats
241 creatures vanquished.

Vanquished Creatures (collateral kills)
  A wyvern (D:10)
  3 killer bees (D:10)
  A crimson imp (D:10)
  A gnoll (D:10)
6 creatures vanquished.

Grand Total: 247 creatures vanquished

Notes
Turn   | Place    | Note
-------+----------+-------------------------------------------
     0 | D:1      | tkbsonic5 the Ogre Hunter began the quest for the Orb.
     0 | D:1      | Reached XP level 1. HP: 22/22 MP: 1/1
    35 | D:1      | Reached skill level 3 in Fighting
    75 | D:1      | Reached XP level 2. HP: 17/31 MP: 2/2
   790 | D:1      | Reached XP level 3. HP: 36/37 MP: 3/3
  1026 | D:1      | You fall into a shaft and drop 1 floor!
  1729 | D:2      | Reached skill level 1 in Maces & Flails
  2081 | D:2      | Reached XP level 4. HP: 48/48 MP: 4/4
  2128 | D:2      | Found a stormy altar of Qazlal.
  2136 | D:2      | Became a worshipper of Qazlal Stormbringer
  2618 | D:3      | Reached skill level 1 in Shields
  2653 | D:3      | Found an ancient bone altar of Kikubaaqudgha.
  2717 | D:3      | Reached skill level 4 in Fighting
  2789 | D:3      | Found a snail-covered altar of Cheibriados.
  2800 | D:3      | Found a white marble altar of Elyvilon.
  2847 | D:3      | Reached XP level 5. HP: 51/54 MP: 5/5
  2909 | D:3      | Reached * piety under Qazlal
  3740 | D:4      | Noticed Ijyb
  3751 | D:4      | Killed Ijyb
  3937 | D:4      | Reached XP level 6. HP: 58/63 MP: 6/6
  3994 | D:4      | Found a sand-covered staircase.
  4014 | Ossuary  | Entered an ossuary
  4102 | Ossuary  | Reached skill level 1 in Invocations
  4126 | Ossuary  | Reached skill level 5 in Fighting
  4127 | Ossuary  | Reached ** piety under Qazlal
  4130 | Ossuary  | Reached skill level 1 in Evocations
  4158 | Ossuary  | Reached skill level 5 in Throwing
  4158 | Ossuary  | Reached XP level 7. HP: 27/72 MP: 7/7
  4609 | D:4      | Found Jukozeg's Armour Emporium.
  4720 | D:4      | You fall into a shaft and drop 3 floors!
  4782 | D:5      | Entered Level 5 of the Dungeon
  5126 | D:5      | Found a sacrificial altar of Ru.
  5150 | D:5      | Found a hide-covered altar of Uskayaw.
  5319 | D:5      | Noticed Grinder
  5346 | D:5      | Killed Grinder
  5346 | D:5      | Reached XP level 8. HP: 29/83 MP: 6/9
  5623 | D:5      | Found a staircase to the Ecumenical Temple.
  5729 | D:5      | Found a runed translucent door.
  5732 | D:5      | Noticed Crazy Yiuf
  5993 | D:5      | Killed Crazy Yiuf
  5993 | D:5      | Reached skill level 6 in Fighting
  6329 | D:6      | Noticed Blork the orc
  6334 | D:6      | Noticed Blork
  6334 | D:6      | Blork the orc changed into Blork the worker ant
  6343 | D:6      | Killed Blork the worker ant
  6647 | D:6      | Found a shattered altar of Ashenzari.
  7453 | D:7      | Reached skill level 7 in Fighting
  7526 | D:7      | Reached XP level 9. HP: 34/93 MP: 11/11
  7794 | D:7      | Found a runed translucent door.
  7797 | D:7      | Noticed valliere's ghost (novice CeHu)
  7906 | D:7      | Reached skill level 8 in Fighting
  7906 | D:7      | Reached skill level 5 in Maces & Flails
  9395 | D:8      | Reached skill level 9 in Fighting
  9442 | D:8      | Found a staircase to the Lair.
  9588 | D:8      | Noticed Grum
  9614 | D:8      | Noticed Psyche
  9618 | D:8      | HP: 2/98 [Grum/+0 spear (15)]
  9621 | D:8      | Killed Grum
  9622 | D:8      | Killed Psyche
  9699 | D:8      | Reached XP level 10. HP: 13/107 MP: 13/13
  9706 | D:8      | HP: 5/107 [wolf[Grum] (6)]
 10795 | D:8      | Found a shimmering altar of Xom.
 10810 | D:8      | Noticed Harold
 10842 | D:8      | Gained mutation: You are clumsy. (Dex -2) [potion of
                  | mutation]
 10842 | D:8      | Gained mutation: You are somewhat resistant to further
                  | mutation. [potion of mutation]
 10856 | D:8      | Reached skill level 5 in Invocations
 10858 | D:8      | Killed Harold
 10858 | D:8      | Reached skill level 10 in Fighting
 11322 | D:8      | Reached *** piety under Qazlal
 11649 | D:8      | Noticed a three-headed hydra
 11658 | D:8      | Killed a three-headed hydra
 12285 | D:9      | Noticed a two-headed ogre
 12293 | D:9      | Killed a two-headed ogre
 12293 | D:9      | Reached skill level 5 in Dodging
 12293 | D:9      | Reached skill level 5 in Evocations
 12293 | D:9      | Reached XP level 11. HP: 54/119 MP: 15/15
 12780 | D:9      | Reached skill level 11 in Fighting
 13066 | D:9      | Learned a level 1 spell: Sting
 13069 | D:9      | Learned a level 2 spell: Poisonous Vapours
 13073 | D:9      | Learned a level 3 spell: Mephitic Cloud
 13078 | D:9      | Learned a level 4 spell: Olgreb's Toxic Radiance
 13585 | D:10     | Entered Level 10 of the Dungeon
 14074 | D:10     | Slain by a troll

Levels and vault maps discovered:
D:1:      dpeg_arrival_arbitrary_b, layout_basic, minmay_misc_feat_pillars
D:2:      layout_rooms, grunt_qazlal_clouds, first_ration
D:3:      kennysheep_slugbush, layout_basic, kiku_gazebo_pond_becter,
          grunt_temple_overflow_open, minivault_23
D:4:      layout_basic, nicolae_overflow_hidden_temple, serial_glass,
          glass_columns_a, glass_columns_b, glass_columns_c, glass_columns_a,
          glass_columns_a, glass_columns_c,
          lightli_ossuary_entry_decrepit_ruins, serial_shops, shop,
          uniq_sigmund, uniq_ijyb
D:5:      layout_gridville, eat_drink_and_be_merry_uskayaw,
          lemuel_crystal_altar, minmay_temple_entry_hall, uniq_grinder,
          uniq_crazy_yiuf_cottage
D:6:      layout_rooms, hex_large, evilmike_ruin_ashenzari, uniq_blork_the_orc
D:7:      layout_basic, gammafunk_ghost_grave
D:8:      layout_gridville, lair_entry_dummy, basic_altar, hangedman_ranch
          [blue_anna_fruit_fields], uniq_grum, uniq_harold, uniq_psyche
D:9:      layout_roguey
D:10:     layout_cave_pools, serial_column_ruins, column_ruins_circle_medium,
          column_ruins_open_tiny, column_ruins_grid_3, column_ruins_grid_1,
          column_ruins_open_tiny, column_ruins_open_small,
          column_ruins_open_tiny, corexii_corridor_pit,
          hangedman_abyss_or_decor_passed, minmay_fractal_squares_gapless_5

Skill      XL: |  1  2  3  4  5  6  7  8  9 10 11 |
---------------+----------------------------------+-----
Fighting       | 3 4 5 7 9 10 11 | 11.1
Dodging        | 2 3 5 |  5.4
Maces & Flails | 1 2 3 4 6 7 |  7.6
Shields        | 1 2 |  2.9
Invocations    | 1 2 3 4 5 |  5.9
Evocations     | 1 2 3 5 |  5.4
Throwing       | 5 6 7 |  7.1
Stealth        | |  0.6
Spellcasting   | |  0.9
Conjurations   | |  0.6
Poison Magic   | |  0.6

Action                   |  1- 3 |  4- 6 |  7- 9 | 10-12 || total
-------------------------+-------+-------+-------+-------++-------
Melee: Short sword       |    16 |       |       |       ||    16
       Whip              |   127 |   202 |    34 |       ||   363
       Morningstar       |       |       |    54 |   195 ||   249
       Giant spiked club |       |       |   136 |     5 ||   141
Throw: Large rock        |    20 |    21 |    14 |    18 ||    73
       Throwing net      |     3 |     1 |     4 |     2 ||    10
       Stone             |     2 |       |       |       ||     2
       Dart              |       |    22 |    59 |    18 ||    99
Invok: Upheaval          |       |       |     5 |     1 ||     6
       Elemental Force   |       |       |       |     1 ||     1
Evoke: Wand              |       |       |     9 |    18 ||    27
  Use: Scroll            |     3 |     5 |     3 |     6 ||    17
       Potion            |     1 |     2 |    12 |     7 ||    22
 Stab: Held in net/web   |       |       |     1 |       ||     1
       Invisible         |       |       |     2 |       ||     2
  Eat: Ration            |     2 |       |     6 |     4 ||    12
       Chunk             |     1 |     3 |       |       ||     4
Armor: Robe              |    49 |    22 |    35 |    13 ||   119
       Troll leather arm |       |       |       |    28 ||    28
       Steam dragon scal |       |       |       |     3 ||     3
Dodge: Dodged            |   135 |    40 |   129 |   172 ||   476
Block: Large shield      |       |    92 |    54 |       ||   146
       Other             |       |       |    20 |    62 ||    82
